 Dungeon Crawl Stone Soup version 0.10.0-21-g6e717ff character file.

1541684 78291 the Gelid (level 27, 223/223 HPs)
             Began as a Human Priest on Feb 25, 2012.
             Was the Champion of Zin.
             Escaped with the Orb
             ... and 4 runes on Feb 26, 2012!
             The game lasted 07:04:29 (168672 turns).

78291 the Gelid (Human Priest)                    Turns: 168672, Time: 07:04:29

HP 223/223       AC 37     Str 18      XL: 27
MP  45/45        EV 23     Int 25      God: Zin [******]
Gold 5895        SH  0     Dex 18      Spells: 16 memorised, 13 levels left

Res.Fire  : + + .   See Invis. : +   a - +7,+4 great mace (crush)
Res.Cold  : . . .   Warding    : . . K - +8 fire dragon armour of Springtime {+Rage Life Prot.: . . . Conserve : + (no shield) Res.Acid. : . . . Res.Corr. : . P - +2 dwarf horned helmet
Res.Poison: +       Clarity    : .   w - +0 dwarf cloak
Res.Elec. : +       Spirit.Shd : .   d - +2 pair of gloves {Dex+3}
Sust.Abil.: . .     Stasis     : .   W - +3 pair of boots of Minor Irritation {+Lev Res.Mut. : + Ctrl.Telep.: x i - amulet of Makhleb's Esteem {Cons Str+2} Res.Rott. : + Levitation : . F - +2,+7 ring of slaying Saprovore : . . . Ctrl.Flight: . A - ring of protection from cold

@: very slightly contaminated, quite resistant to hostile enchantments, very
unstealthy
A: Str +1
a: Recite, Vitalisation, Imprison, Sanctuary, Renounce Religion, Evoke Berserk
Rage, Evoke Levitation
}: 4/15 runes: serpentine, barnacled, slimy, silver


You escaped.
You worshipped Zin.
Zin was exalted by your worship.
You were not hungry.

You visited 12 branches of the dungeon, and saw 80 of its levels.
You visited the Abyss 2 times.
You visited 2 portal chambers: wizlab, trove.

You collected 8797 gold pieces.
You spent 2361 gold pieces at shops.
You donated 561 gold pieces.

Inventory:

Hand weapons
 a - a +7,+4 great mace of crushing (weapon)
   (You took it off a two-headed ogre on level 9 of the Dungeon)
Armour
 d - a +2 pair of gloves of dexterity (worn)
   (You found it on level 18 of the Dungeon)
 w - a +0 dwarven cloak (worn)
   (You found it on level 1 of the Lair of Beasts)
 K - the +8 fire dragon armour of Springtime (worn) {+Rage rElec rPois rF++ rC- SInv}
   (You took it off a deep elf death mage on level 5 of the Elven Halls)

   It greatly protects you from fire.
   It makes you vulnerable to cold.
   It insulates you from electricity.
   It protects you from poison.
   It enhances your eyesight.
   It lets you go berserk.
 P - a +2 dwarven horned helmet (worn)
   (You found it on level 18 of the Dungeon)
 W - the +3 pair of boots of Minor Irritation (worn) {+Lev rPois Dex+3 Int+2}
   (You bought it in a shop on level 7 of the Vaults)

   It affects your intelligence (+2).
   It affects your dexterity (+3).
   It protects you from poison.
   It lets you levitate.
Magical devices
 c - a wand of heal wounds (9)
   (You found it on level 12 of the Dungeon)
 e - a wand of digging (6)
   (You found it on level 18 of the Dungeon)
 k - a wand of disintegration (6)
   (You found it on level 3 of the Vaults)
 o - a wand of hasting (2)
   (You took it off a deep elf mage on level 2 of the Elven Halls)
 z - a wand of hasting (4)
   (You found it on level 4 of the Lair of Beasts)
 C - a wand of teleportation (3)
   (You found it on level 6 of the Dungeon)
 Q - a wand of teleportation (7)
   (You took it off a deep elf mage on level 5 of the Elven Halls)
 X - a wand of invisibility (4)
   (You found it on level 21 of the Dungeon)
Comestibles
 s - 2 bread rations
 u - 9 meat rations
 J - a choko
 O - a honeycomb
 U - 2 royal jellies
Scrolls
 h - a scroll of magic mapping
 j - 5 scrolls of fog
 p - a scroll of fear
 q - a scroll of teleportation
 t - 2 scrolls of detect curse
 N - a scroll of remove curse
 S - 6 scrolls of identify
 T - a scroll of holy word
Jewellery
 g - the ring of Pyzuewn {+Lev rPois MR EV+6}
   (You found it on level 6 of the Pits of Slime)

   [ring of evasion]

   It affects your evasion (+6).
   It protects you from poison.
   It increases your resistance to enchantments.
   It lets you levitate.
 i - the amulet of Makhleb's Esteem (around neck) {Cons Str+2}
   (You bought it in a shop on level 1 of the Orcish Mines)

   [amulet of conservation]

   It affects your strength (+2).
 l - an uncursed ring of sustenance
   (You found it in a treasure trove)
 m - an uncursed ring of teleportation
   (You found it on level 13 of the Dungeon)
 x - the ring "Zuclop" {rPois MR SInv Stlth+}
   (You found it in a treasure trove)

   [ring of poison resistance]

   It increases your resistance to enchantments.
   It enhances your eyesight.
   It makes you more stealthy.
 A - a ring of protection from cold (left hand)
   (You found it on level 21 of the Dungeon)
 B - a +6 ring of protection
   (You found it on level 4 of the Lair of Beasts)
 E - an uncursed amulet of resist mutation
   (You found it in a treasure trove)
 F - a +2,+7 ring of slaying (right hand)
   (You found it on level 18 of the Dungeon)
 G - the amulet "Psi Huij" {rCorr +Rage}
   (You found it in a treasure trove)

   [amulet of resist corrosion]

   It lets you go berserk.
 I - the amulet "Suwk" {Stasis Str+3 Int+3}
   (You found it on level 4 of the Vaults)

   [amulet of stasis]

   It affects your strength (+3).
   It affects your intelligence (+3).
 Z - an uncursed ring of wizardry
   (You found it on level 5 of the Elven Halls)
Potions
 r - a potion of berserk rage
 v - 2 potions of might
 D - 2 potions of agility
 H - a potion of heal wounds
 L - a potion of brilliance
 M - 2 potions of resistance
 R - 5 potions of curing
 Y - a potion of speed
Books
 n - a book of Annihilations
   (You found it on level 1 of the Realm of Zot)

   WARNING:   If you fail in an attempt to memorise a spell from this book, the
   book will lash out at you.

   Spells                             Type                      Level
   Poison Arrow                       Conjuration/Poison           6
   Orb of Destruction                 Conjuration                  7
   Chain Lightning                    Conjuration/Air              8
   Lehudib's Crystal Spear            Conjuration/Earth            8
   Ice Storm                          Conjuration/Ice              9
   Fire Storm                         Conjuration/Fire             9
Magical staves
 b - a +9 rod of summoning (12/12)
   (You took it off a skeletal warrior on level 5 of the Crypt)
 f - a +6 rod of summoning (12/12)
   (You found it on level 5 of the Crypt)
 V - a staff of cold
   (You found it on level 23 of the Dungeon)
Orbs of Power
 y - the Orb of Zot
   (You found it on level 5 of the Realm of Zot)


   Skills:
 - Level 19.0 Fighting
 - Level 20.0 Maces & Flails
 - Level 8.0 Staves
 - Level 19.3 Armour
 - Level 19.6 Dodging
 - Level 4.1 Stealth
 - Level 7.5 Traps & Doors
 - Level 1.0 Unarmed Combat
 - Level 18.0 Spellcasting
 - Level 10.0 Conjurations
 - Level 13.2 Charms
 + Level 12.0 Summonings
 - Level 15.0 Translocations
 - Level 20.1 Ice Magic
 - Level 19.0 Invocations
 - Level 3.0 Evocations


You had 13 spell levels left.
You knew the following spells:

 Your Spells              Type           Power        Failure   Level  Hunger
a - Repel Missiles        Air/Chrm       #######...   1%          2    None
b - Throw Icicle          Ice/Conj       #######..    1%          4    None
c - Ozocubu's Armour      Ice/Chrm       ########..   0%          3    None
d - Blink                 Tloc           N/A          0%          2    None
e - Flight                Air/Chrm       #######...   1%          3    None
f - Shroud of Golubria    Chrm/Tloc      #######...   1%          2    None
g - Summon Small Mammals  Summ           #####        1%          1    None
h - Freeze                Ice            #####        0%          1    None
i - Swiftness             Air/Chrm       #######...   1%          2    None
j - Apportation           Tloc           #######...   0%          1    None
k - Throw Frost           Ice/Conj       #######      0%          2    None
l - Control Teleport      Chrm/Tloc      #######...   1%          4    None
n - Haste                 Chrm           #######..    3%          6    Choko
o - Abjuration            Summ           #######...   1%          3    None
P - Ozocubu's Refrigerat  Ice            ########..   1%          6    Choko
W - Controlled Blink      Tloc           N/A          10%         7    Honeycomb

Dungeon Overview and Level Annotations

Branches:
Dungeon (27/27)            Temple (1/1) D:5             Orc (4/4) D:6
    Elf (5/5) Orc:4          Lair (8/8) D:8          Shoals (5/5) Lair:6
  Slime (6/6) Lair:6        Snake (5/5) Lair:4        Vault (8/8) D:14
  Blade (1/1) Vault:4       Crypt (5/5) Vault:2        Tomb (0/3) Crypt:2
    Zot (5/5) D:27

Altars:
Ashenzari
Cheibriados
Elyvilon
Fedhas
Kikubaaqudgha
Makhleb
Nemelex Xobeh
Okawaru
The Shining One
Trog
Vehumet
Xom
Yredelemnul
Zin
Beogh
Jiyva

Shops:
D:7: ! D:16: = D:25: ( Orc:1: = Orc:2: = Orc:4: %//* Elf:1: + Elf:5: [ Shoals:2: ( Shoals:4: ! Shoals:5: ( Snake:2: * Snake:3: ( Snake:4: * Snake:5: % Vault:3: ? Vault:4: ( Vault:5: ! Vault:7: !/?%*

Portals:
Hell: D:21 D:22 D:23 D:24 D:25 D:26 D:27
Abyss: D:24 D:25* D:27
Pan: D:24

Annotations
D:3 1 exclusion
D:4 exclusion: orc wizard
D:20 Mara
D:25 Mennas
Lair:4 exclusions: hydra, ice dragon and 1 more exclusion
Lair:8 Rupert
Vault:1 Aizul
Crypt:1 exclusion: curse skull


Innate Abilities, Weirdness & Mutations

Your muscles are strong (Str +1).


Message History

There is a stone staircase leading up here.
You climb upwards.
The goblin shouts!
You sense a powerful magical force warping space.
The goblin is too close now for your liking.
There is a stone staircase leading down here.
You sock the goblin!
You kill the goblin!
You see here an orcish dagger.
(D) Dungeon (T) Temple (O) Orcish Mines (E) Elven Halls (L) Lair (A) Shoals (M) Slime Pits (P) Snake Pit (V) Vaults (B) Hall of Blades (C) Crypt (W) Tomb (U) Hell (Z) Zot
Where to? (* - list waypoints, Enter - D:1, ? - help) You're already here!
Unknown command.
There is an open door here.
There is a staircase leading out of the dungeon here.
Are you sure you want to win?
You have escaped!

#......# #.....# #......# #...).#
#################......# #.....#
.......................# #####.#
#################.>.#### #.#
#####.## #.# #PPP#..# #.#
##{{{##.# #.# #<.@.<#.# #.#
##7.7##.# #.# ###### ##'##..# #.#
######....#####..##.###########.#
....)...........................#
######...................########
####.#########.####.# #.# #.# #.#
#.# #.# #.#


There were no monsters in sight!

Vanquished Creatures
  Monster Symbol All ';'
  4 sharks
  4 giant goldfish
  28 electric eels
  19 big fish
55 creatures vanquished. All '(' 27 dancing weapons (Blade)
27 creatures vanquished. All '@' A Killer Klown (Zot:5) Margery (Crypt:5) Nikola (D:19) Frances (D:24) Donald (Elf:2) Maud (Snake:2) Jozef (Elf:5) 24 vault guards (Vault:7) Erica (Lair:8) Harold (D:12) Josephine (Elf:2) 17 hell knights 2 wizards (Vault:5) Joseph (D:9) 5 necromancers Maurice (Snake:1) Edmund (D:5) Sigmund (D:3)
62 creatures vanquished. All '*' 5 orbs of fire (Zot:5)
5 creatures vanquished. All '%' 10 death cobs
10 creatures vanquished. All '2' A Green Death (Abyss) 2 reapers A lorocyproca (D:12) A shadow demon (Zot:5) A hellion (D:26) A tormentor (Zot:5) 3 hell beasts
10 creatures vanquished. All '3' 2 ice devils 7 chaos spawn 3 neqoxecs 7 ynoxinuls
19 creatures vanquished. All '4' 2 sixfirhies (Elf:5) 4 orange demons 5 smoke demons 3 iron devils 2 blue devils 3 hairy devils 2 red devils
21 creatures vanquished. All '5' 12 crimson imps 5 quasits An iron imp (Abyss) 3 lemures (Abyss) 4 midges 4 white imps 49 ufetubi
78 creatures vanquished. All '8' 8 electric golems Roxanne (Shoals:3) 8 statues A wood golem (D:17) A silver statue (Zot:5)
19 creatures vanquished. All '9' 4 molten gargoyles (Elf:2)
4 creatures vanquished. All 'a' 6 soldier ants 11 worker ants
17 creatures vanquished. All 'A' A profane servitor (Crypt:5)
1 creature vanquished. All 'b' 2 fire bats (Abyss) 70 bats 3 butterflies (D:4)
75 creatures vanquished. All 'B' A boring beetle (shapeshifter) (Vault:8) 4 boring beetles A boulder beetle (shapeshifter) (Vault:8) 6 boulder beetles 5 goliath beetles
17 creatures vanquished. All 'c' 41 yaktaur captains Nessos (Vault:1) 30 centaur warriors 2 yaktaurs (shapeshifter) 76 yaktaurs 46 centaurs
196 creatures vanquished. All 'C' 11 titans 6 frost giants 3 fire giants 36 stone giants An ettin (shapeshifter) (D:17) 14 ettins Polyphemus (Shoals:2) 15 hill giants A cyclops (shapeshifter) (D:23) 19 cyclopes
107 creatures vanquished. All 'd' 3 draconian monks (Zot:1) 2 draconian knights 7 draconian scorchers 3 draconian zealots A draconian shifter (Zot:1) 2 draconian annihilators 2 draconian callers (Zot:2) 4 green draconians A grey draconian (Zot:1) 3 yellow draconians (Zot:1) 3 pale draconians 21 purple draconians 7 red draconians 4 black draconians 3 white draconians 5 mottled draconians 2 draconians (shapeshifter)
73 creatures vanquished. All 'D' A golden dragon (shapeshifter) (D:27) 7 golden dragons Xtahua (D:25) A quicksilver dragon (Vault:7) 6 shadow dragons 24 storm dragons 8 bone dragons An iron dragon (Vault:8) 11 dragons 2 dragons (shapeshifter) 14 ice dragons 10 hydras 2 wyverns 3 steam dragons 8 mottled dragons
99 creatures vanquished. All 'e' 4 deep elf blademasters (Elf:5) 4 deep elf annihilators (Elf:5) 5 deep elf master archers (Elf:5) 7 deep elf sorcerers 5 deep elf death magi 2 deep elf demonologists (Elf:5) 3 deep elf high priests 35 deep elf knights 3 elves (shapeshifter) 24 deep elf conjurers 9 deep elf summoners 26 deep elf fighters 5 deep elf priests Duvessa (D:6) 35 deep elf magi Dowan (D:6) 34 deep elf soldiers
203 creatures vanquished. All 'E' 5 fire elementals 15 water elementals
20 creatures vanquished. All 'f' 7 ballistomycetes (D:9) 2 fungi 152 toadstools
161 creatures vanquished. All 'F' 11 spiny frogs Prince Ribbit (D:6) 29 blink frogs 25 giant frogs
66 creatures vanquished. All 'g' Ijyb (D:5) 7 boggarts 9 gnolls 25 goblins 30 hobgoblins
72 creatures vanquished. All 'G' 6 great orbs of eyes A shining eye (shapeshifter) (D:27) 11 shining eyes 2 eyes of devastation An eye of devastation (shapeshifter) (D:23) 10 golden eyes 5 eyes of draining 11 giant eyeballs
47 creatures vanquished. All 'h' 13 war dogs 11 hell hounds 11 wargs 3 wolves (Orc:4) A hound (shapeshifter) (Vault:6) 20 hounds 8 jackals
67 creatures vanquished. All 'H' A sphinx (D:24) 16 harpies 5 griffons 18 hippogriffs 18 manticores
58 creatures vanquished. All 'i' A spriggan (shapeshifter) (D:16)
1 creature vanquished. All 'I' 6 ice beasts 3 sky beasts
9 creatures vanquished. All 'j' 2 elephant slugs 7 giant slugs 13 agate snails
22 creatures vanquished. All 'J' the royal jelly (Slime:6) 32 acid blobs 9 azure jellies Dissolution (Slime:6) 9 death oozes 22 giant amoebae 144 slime creatures 2 slime creatures (shapeshifter) 15 brown oozes 13 jellyfish 2 pulsating lumps (shapeshifter) 17 jellies 10 oozes
277 creatures vanquished. All 'k' A queen bee (D:8) A bumblebee (shapeshifter) (D:20) 36 killer bees
38 creatures vanquished. All 'K' Pikel (D:9) 7 big kobolds 53 kobolds
61 creatures vanquished. All 'l' 8 komodo dragons A basilisk (D:17) A basilisk (shapeshifter) (D:19) 5 fire drakes 15 iguanas 15 giant geckos 4 giant newts
49 creatures vanquished. All 'L' 2 ancient liches (Zot:5) 4 liches
6 creatures vanquished. All 'm' Ilsuiw (Shoals:5) 8 sirens 6 merfolk aquamancers 6 merfolk javelineers (Shoals:5) 4 merfolk impalers A mermaid (shapeshifter) (Vault:8) 15 mermaids 57 merfolk
98 creatures vanquished. All 'M' Khufu (Crypt:3) 3 greater mummies (Crypt:3) A mummy priest (Crypt:5) 4 guardian mummies A mummy (D:26)
10 creatures vanquished. All 'n' 9 ghouls (Crypt:5) 6 rotting hulks (Crypt:5) 13 necrophages
28 creatures vanquished. All 'N' 4 greater nagas (Snake:5) 9 naga warriors 15 naga magi 68 nagas
96 creatures vanquished. All 'o' Saint Roka (Vault:7) 6 orc high priests (Orc:4) 28 orc knights Urug (D:11) 3 orc sorcerers 54 orc warriors Blork the orc (D:4) 54 orc priests 38 orc wizards 229 orcs
415 creatures vanquished. All 'O' 8 ogre magi Erolcha (D:9) 23 two-headed ogres 57 ogres
89 creatures vanquished. All 'p' 15 flayed ghosts 3 silent spectres 17 hungry ghosts 4 phantoms 6 shadows
45 creatures vanquished. All 'P' 7 plants
7 creatures vanquished. All 'q' Wiglaf (D:18) An unborn deep dwarf (Crypt:5) 2 deep dwarf death knights (Crypt:5)
4 creatures vanquished. All 'r' 14 orange rats 17 porcupines 77 green rats 15 grey rats A grey rat (shapeshifter) (Vault:8) 12 quokkas 60 rats
196 creatures vanquished. All 'R' Azrael (Vault:3) 2 rakshasas An efreet (D:14) 3 illusory rakshasas (Abyss)
7 creatures vanquished. All 's' An emperor scorpion (shapeshifter) (D:27) 3 wolf spiders A trapdoor spider (D:14) A redback (Crypt:5) A tarantella (shapeshifter) (Vault:7) 9 scorpions 2 spiders (Crypt:5) 5 giant centipedes 2 giant mites 13 giant cockroaches
38 creatures vanquished. All 'S' 6 anacondas An anaconda (shapeshifter) (D:19) A sea snake (shapeshifter) (Vault:7) 12 sea snakes 3 guardian serpents A guardian serpent (shapeshifter) (Vault:7) 26 black mambas 39 water moccasins A lava snake (Abyss) 40 adders 2 ball pythons
132 creatures vanquished. All 't' 2 alligator snapping turtles 2 fire crabs 12 snapping turtles A snapping turtle (shapeshifter) (Vault:5) 17 crocodiles
34 creatures vanquished. All 'T' Snorg (Crypt:3) 29 deep trolls 6 iron trolls 17 rock trolls A rock troll (shapeshifter) (Vault:8) 12 trolls
66 creatures vanquished. All 'u' 6 very ugly things 139 ugly things
145 creatures vanquished. All 'U' 2 black bears (D:8)
2 creatures vanquished. All 'V' A vampire knight (D:24) 2 vampire magi 15 vampires
18 creatures vanquished. All 'w' 6 spiny worms 3 rock worms A giant leech (shapeshifter) (Vault:8) 11 worms 6 tentacles (Shoals:2)
27 creatures vanquished. All 'W' 8 eidola (Crypt:5) 2 shadow wraiths (D:27) 8 phantasmal warriors 8 wraiths 14 freezing wraiths
40 creatures vanquished. All 'x' 11 unseen horrors 9 small abominations
20 creatures vanquished. All 'X' 18 Orb Guardians (Zot:5) A kraken (Shoals:2) 16 tentacled monstrosities 6 large abominations 4 feature mimics
45 creatures vanquished. All 'y' 2 ghost moths A ghost moth (shapeshifter) (Vault:8) 2 red wasps (D:25) 28 moths of wrath A moth of wrath (shapeshifter) (Vault:8) 24 vampire mosquitoes 4 yellow wasps
62 creatures vanquished. All 'Y' 16 death yaks A death yak (shapeshifter) (D:24) 3 catoblepae (Lair:8) 10 elephants 95 yaks 9 sheep
134 creatures vanquished. All 'z' A curse toe (Zot:4) 116 skeletal warriors A yellow draconian zombie (Crypt:1) 5 elf skeletons (Elf:5) A red draconian zombie (Crypt:5) A purple draconian zombie (Crypt:2) A pale draconian zombie (Crypt:1) A black draconian zombie (Abyss) A white draconian skeleton (Crypt:5) 2 black draconian skeletons A green draconian skeleton (Crypt:1) A pale draconian skeleton (Crypt:3) A sea snake skeleton (Crypt:4) A yellow draconian skeleton (Zot:4) A red wasp zombie (D:14) 4 elf zombies A spriggan zombie (Crypt:5) A sea snake simulacrum (Crypt:3) 8 raven skeletons (Crypt:5) A blink frog zombie (Crypt:1) 2 merfolk skeletons A mermaid zombie (Crypt:5) A blink frog skeleton (Vault:2) A bumblebee zombie (Crypt:1) A fire crab simulacrum (D:19) A yellow wasp zombie (D:8) 2 water moccasin skeletons A black bear skeleton (Crypt:2) 5 basilisk skeletons A felid zombie (Crypt:1) 2 killer bee zombies 20 wights 17 human zombies 3 felid skeletons 3 brain worm zombies A tengu zombie (Crypt:3) 4 big kobold skeletons A tengu skeleton (Crypt:5) 2 hound skeletons A hound zombie (Crypt:1) An orange rat skeleton (Crypt:1) 2 worm zombies A goliath beetle zombie (D:9) 2 iguana zombies 18 flying skulls 2 scorpion zombies A giant centipede zombie (D:14) 2 human skeletons 3 adder skeletons 3 iguana skeletons A porcupine skeleton (Crypt:3) A bat skeleton (D:27) A gnoll zombie (Crypt:5) A gnoll skeleton (D:27) A giant cockroach zombie (Crypt:5) A giant gecko skeleton (D:4) A giant newt zombie (Crypt:4) A goblin skeleton (D:6) 3 goblin zombies 2 grey rat zombies 2 hobgoblin skeletons (D:6) 3 hobgoblin zombies (D:6) A jackal skeleton (Crypt:4) 12 orc skeletons 30 orc zombies 3 quokka skeletons
319 creatures vanquished. All 'Z' A quicksilver dragon zombie (Crypt:1) A quicksilver dragon skeleton (Abyss) A titan zombie (Crypt:5) 3 storm dragon skeletons A sphinx zombie (Crypt:3) An anaconda skeleton (Crypt:2) A golden dragon skeleton (Crypt:5) 4 stone giant zombies An iron dragon zombie (D:27) A frost giant zombie (Crypt:5) A shadow dragon skeleton (D:27) A sphinx skeleton (Crypt:3) 3 fire giant skeletons 2 frost giant skeletons 8 stone giant skeletons An iron dragon skeleton (D:27) A death drake zombie (Crypt:4) A minotaur zombie (Crypt:1) 5 iron troll skeletons A shadow dragon simulacrum (Zot:4) A harpy zombie (Crypt:5) A hydra zombie (Vault:1) A hydra skeleton (Vault:2) An ettin zombie (Vault:6) 3 griffon zombies 2 dragon zombies 2 alligator zombies (Crypt:5) A spiny worm zombie (Crypt:4) An ice dragon skeleton (Vault:2) 3 ettin skeletons An alligator skeleton (Crypt:4) A hill giant zombie (D:25) A queen ant zombie (Crypt:5) 3 hill giant skeletons An iron troll simulacrum (D:17) A rock troll zombie (D:19) 2 deep troll zombies (D:27) A snapping turtle zombie (Crypt:3) 3 rock troll skeletons A spiny frog zombie (Crypt:4) 8 deep troll skeletons A spiny frog skeleton (Crypt:4) A lindwurm zombie (Elf:2) A fire drake zombie (Crypt:2) 2 fire drake skeletons 2 yaktaur zombies (D:27) A komodo dragon skeleton (Crypt:4) 3 giant slug zombies 2 cyclops zombies A yaktaur skeleton (D:27) A rock troll simulacrum (Vault:4) A polar bear zombie (Crypt:2) A yak zombie (Vault:2) 9 cyclops skeletons 2 rock worm zombies 3 troll zombies A grizzly bear skeleton (Crypt:4) 2 yak skeletons A boulder beetle zombie (Vault:6) A giant frog zombie (Crypt:5) A two-headed ogre zombie (Crypt:5) 2 mottled dragon zombies 7 ogre zombies (D:6) A crocodile skeleton (Crypt:5) 2 mottled dragon skeletons A boulder beetle simulacrum (D:17) A naga zombie (Crypt:5) A steam dragon zombie (Elf:2)
130 creatures vanquished.
4259 creatures vanquished. Monster Nature Uniques the royal jelly (Slime:6) Khufu (Crypt:3) Saint Roka (Vault:7) Margery (Crypt:5) Xtahua (D:25) Nikola (D:19) Frances (D:24) Roxanne (Shoals:3) Ilsuiw (Shoals:5) Donald (Elf:2) Wiglaf (D:18) Maud (Snake:2) Dissolution (Slime:6) Jozef (Elf:5) Azrael (Vault:3) Snorg (Crypt:3) Erica (Lair:8) Harold (D:12) Josephine (Elf:2) Polyphemus (Shoals:2) Nessos (Vault:1) Erolcha (D:9) Pikel (D:9) Joseph (D:9) Urug (D:11) Maurice (Snake:1) Prince Ribbit (D:6) Edmund (D:5) Sigmund (D:3) Duvessa (D:6) Blork the orc (D:4) Dowan (D:6) Ijyb (D:5)
33 creatures vanquished. Natural Monsters A Killer Klown (Zot:5) A golden dragon (shapeshifter) (D:27) 7 golden dragons 18 Orb Guardians (Zot:5) 32 acid blobs 2 ghost moths 4 deep elf blademasters (Elf:5) A ghost moth (shapeshifter) (Vault:8) A quicksilver dragon (Vault:7) 11 titans 6 shadow dragons A kraken (Shoals:2) 24 storm dragons A sphinx (D:24) 3 draconian monks (Zot:1) 6 frost giants 2 draconian knights 7 draconian scorchers An iron dragon (Vault:8) 3 draconian zealots 9 azure jellies A draconian shifter (Zot:1) 3 fire giants 36 stone giants 2 draconian annihilators 2 draconian callers (Zot:2) 4 green draconians A grey draconian (Zot:1) 4 deep elf annihilators (Elf:5) 3 yellow draconians (Zot:1) 4 greater nagas (Snake:5) 3 pale draconians 21 purple draconians 7 red draconians 4 black draconians 3 white draconians 5 mottled draconians 5 deep elf master archers (Elf:5) 7 deep elf sorcerers 5 deep elf death magi An ettin (shapeshifter) (D:17) 41 yaktaur captains 11 dragons 6 anacondas 14 ettins 2 dragons (shapeshifter) An anaconda (shapeshifter) (D:19) 24 vault guards (Vault:7) 8 sirens 6 great orbs of eyes 6 merfolk aquamancers 14 ice dragons 6 merfolk javelineers (Shoals:5) 8 ogre magi 2 deep elf demonologists (Elf:5) 10 hydras 2 alligator snapping turtles 16 death yaks 3 deep elf high priests A death yak (shapeshifter) (D:24) 6 orc high priests (Orc:4) 4 merfolk impalers 29 deep trolls 30 centaur warriors 6 very ugly things 2 deep dwarf death knights (Crypt:5) 3 catoblepae (Lair:8) An emperor scorpion (shapeshifter) (D:27) 17 hell knights 9 naga warriors A sea snake (shapeshifter) (Vault:7) 6 iron trolls 35 deep elf knights 11 unseen horrors 2 wizards (Vault:5) 12 sea snakes 15 hill giants 28 orc knights 16 harpies 3 guardian serpents 22 giant amoebae A guardian serpent (shapeshifter) (Vault:7) 3 elves (shapeshifter) 5 necromancers 2 red wasps (D:25) 3 orc sorcerers A cyclops (shapeshifter) (D:23) 19 cyclopes 5 griffons 2 fire crabs 6 spiny worms A shining eye (shapeshifter) (D:27) 11 shining eyes 28 moths of wrath A moth of wrath (shapeshifter) (Vault:8) 2 elephant slugs 10 elephants 26 black mambas 2 eyes of devastation 3 wolf spiders 11 spiny frogs A trapdoor spider (D:14) 15 naga magi An eye of devastation (shapeshifter) (D:23) 2 slime creatures (shapeshifter) 144 slime creatures 17 rock trolls 2 yaktaurs (shapeshifter) 76 yaktaurs A rock troll (shapeshifter) (Vault:8) 8 komodo dragons A mermaid (shapeshifter) (Vault:8) 15 mermaids 12 trolls A redback (Crypt:5) 54 orc warriors A spriggan (shapeshifter) (D:16) 139 ugly things 12 snapping turtles A queen bee (D:8) A snapping turtle (shapeshifter) (Vault:5) 29 blink frogs A bumblebee (shapeshifter) (D:20) 23 two-headed ogres 15 brown oozes A basilisk (D:17) A basilisk (shapeshifter) (D:19) 4 sharks 5 fire drakes 2 wyverns 3 steam dragons 95 yaks 18 hippogriffs 24 deep elf conjurers 13 war dogs 57 merfolk 9 deep elf summoners 10 golden eyes 3 rock worms 6 soldier ants 18 manticores 26 deep elf fighters 8 mottled dragons 5 deep elf priests 4 yellow wasps 6 ice beasts 3 sky beasts 2 black bears (D:8) A boring beetle (shapeshifter) (Vault:8) 17 crocodiles 4 giant goldfish 11 wargs 46 centaurs 4 boring beetles 57 ogres 68 nagas A tarantella (shapeshifter) (Vault:7) 39 water moccasins 35 deep elf magi 25 giant frogs 7 giant slugs 7 big kobolds A giant leech (shapeshifter) (Vault:8) 3 wolves (Orc:4) 13 agate snails 13 jellyfish 36 killer bees A boulder beetle (shapeshifter) (Vault:8) 6 boulder beetles 5 eyes of draining 2 pulsating lumps (shapeshifter) 28 electric eels 2 fire bats (Abyss) 19 big fish 2 draconians (shapeshifter) 5 goliath beetles A lava snake (Abyss) 54 orc priests 9 scorpions 2 spiders (Crypt:5) A hound (shapeshifter) (Vault:6) 20 hounds 15 iguanas 14 orange rats 38 orc wizards 34 deep elf soldiers 9 sheep 17 porcupines 11 worker ants 17 jellies 7 boggarts 9 gnolls 40 adders 5 giant centipedes 77 green rats 2 giant mites 11 worms 15 grey rats A grey rat (shapeshifter) (Vault:8) 11 giant eyeballs 15 giant geckos 10 oozes 229 orcs 2 ball pythons 13 giant cockroaches 25 goblins 30 hobgoblins 12 quokkas 70 bats 4 giant newts 8 jackals 53 kobolds 60 rats 3 butterflies (D:4) 6 tentacles (Shoals:2)
3156 creatures vanquished. Non-Living Monsters 5 orbs of fire (Zot:5) 8 electric golems 27 dancing weapons (Blade) 8 statues 4 feature mimics A wood golem (D:17) 5 fire elementals 15 water elementals 4 molten gargoyles (Elf:2) A silver statue (Zot:5)
78 creatures vanquished. Undead Monsters 3 greater mummies (Crypt:3) 2 ancient liches (Zot:5) A curse toe (Zot:4) A profane servitor (Crypt:5) 4 liches 8 bone dragons 9 ghouls (Crypt:5) A quicksilver dragon zombie (Crypt:1) A quicksilver dragon skeleton (Abyss) A titan zombie (Crypt:5) A vampire knight (D:24) A mummy priest (Crypt:5) An unborn deep dwarf (Crypt:5) 8 eidola (Crypt:5) 9 death oozes 3 storm dragon skeletons 10 death cobs A sphinx zombie (Crypt:3) An anaconda skeleton (Crypt:2) A golden dragon skeleton (Crypt:5) 4 stone giant zombies An iron dragon zombie (D:27) A frost giant zombie (Crypt:5) A shadow dragon skeleton (D:27) A sphinx skeleton (Crypt:3) 3 fire giant skeletons 2 frost giant skeletons 8 stone giant skeletons An iron dragon skeleton (D:27) 116 skeletal warriors A yellow draconian zombie (Crypt:1) 5 elf skeletons (Elf:5) A red draconian zombie (Crypt:5) A purple draconian zombie (Crypt:2) 2 shadow wraiths (D:27) 15 flayed ghosts A pale draconian zombie (Crypt:1) A black draconian zombie (Abyss) A white draconian skeleton (Crypt:5) 2 black draconian skeletons A green draconian skeleton (Crypt:1) A pale draconian skeleton (Crypt:3) A death drake zombie (Crypt:4) A sea snake skeleton (Crypt:4) 2 vampire magi 6 large abominations A yellow draconian skeleton (Zot:4) A minotaur zombie (Crypt:1) 5 iron troll skeletons A shadow dragon simulacrum (Zot:4) A harpy zombie (Crypt:5) 8 phantasmal warriors A hydra zombie (Vault:1) A red wasp zombie (D:14) A hydra skeleton (Vault:2) An ettin zombie (Vault:6) 3 griffon zombies 2 dragon zombies 2 alligator zombies (Crypt:5) A spiny worm zombie (Crypt:4) 4 elf zombies An ice dragon skeleton (Vault:2) 3 ettin skeletons An alligator skeleton (Crypt:4) A hill giant zombie (D:25) A queen ant zombie (Crypt:5) A spriggan zombie (Crypt:5) 4 guardian mummies 3 hill giant skeletons An iron troll simulacrum (D:17) A sea snake simulacrum (Crypt:3) A rock troll zombie (D:19) 2 deep troll zombies (D:27) 3 silent spectres A snapping turtle zombie (Crypt:3) 8 raven skeletons (Crypt:5) 3 rock troll skeletons A spiny frog zombie (Crypt:4) 8 deep troll skeletons A spiny frog skeleton (Crypt:4) 6 rotting hulks (Crypt:5) A lindwurm zombie (Elf:2) 15 vampires A blink frog zombie (Crypt:1) 8 wraiths 2 merfolk skeletons A fire drake zombie (Crypt:2) 24 vampire mosquitoes A mermaid zombie (Crypt:5) 2 fire drake skeletons A blink frog skeleton (Vault:2) 2 yaktaur zombies (D:27) A komodo dragon skeleton (Crypt:4) 14 freezing wraiths 17 hungry ghosts 3 giant slug zombies 13 necrophages 2 cyclops zombies A yaktaur skeleton (D:27) A rock troll simulacrum (Vault:4) A polar bear zombie (Crypt:2) A yak zombie (Vault:2) 9 small abominations A bumblebee zombie (Crypt:1) 4 phantoms 9 cyclops skeletons 2 rock worm zombies 3 troll zombies A grizzly bear skeleton (Crypt:4) 2 yak skeletons A boulder beetle zombie (Vault:6) A fire crab simulacrum (D:19) A yellow wasp zombie (D:8) A giant frog zombie (Crypt:5) A two-headed ogre zombie (Crypt:5) 2 water moccasin skeletons A black bear skeleton (Crypt:2) 5 basilisk skeletons A felid zombie (Crypt:1) 2 killer bee zombies 20 wights 17 human zombies 3 felid skeletons 3 brain worm zombies 2 mottled dragon zombies 6 shadows A tengu zombie (Crypt:3) 7 ogre zombies (D:6) 4 big kobold skeletons A crocodile skeleton (Crypt:5) 2 mottled dragon skeletons A tengu skeleton (Crypt:5) A boulder beetle simulacrum (D:17) A naga zombie (Crypt:5) 2 hound skeletons A hound zombie (Crypt:1) An orange rat skeleton (Crypt:1) A steam dragon zombie (Elf:2) 2 worm zombies A goliath beetle zombie (D:9) A mummy (D:26) 2 iguana zombies 18 flying skulls 2 scorpion zombies A giant centipede zombie (D:14) 2 human skeletons 3 adder skeletons 3 iguana skeletons A porcupine skeleton (Crypt:3) A bat skeleton (D:27) A gnoll zombie (Crypt:5) A gnoll skeleton (D:27) A giant cockroach zombie (Crypt:5) A giant gecko skeleton (D:4) A giant newt zombie (Crypt:4) A goblin skeleton (D:6) 3 goblin zombies 2 grey rat zombies 2 hobgoblin skeletons (D:6) 3 hobgoblin zombies (D:6) A jackal skeleton (Crypt:4) 12 orc skeletons 30 orc zombies 3 quokka skeletons
663 creatures vanquished. Demonic Monsters 16 tentacled monstrosities A Green Death (Abyss) 2 reapers A lorocyproca (D:12) 2 rakshasas A shadow demon (Zot:5) 2 ice devils A hellion (D:26) 2 sixfirhies (Elf:5) A tormentor (Zot:5) 4 orange demons An efreet (D:14) 5 smoke demons 3 iron devils 2 blue devils 7 chaos spawn 3 hairy devils 3 neqoxecs 3 hell beasts 7 ynoxinuls 11 hell hounds 2 red devils 12 crimson imps 5 quasits An iron imp (Abyss) 3 lemures (Abyss) 4 midges 4 white imps 49 ufetubi 3 illusory rakshasas (Abyss)
161 creatures vanquished. Plants 7 ballistomycetes (D:9) 2 fungi 7 plants 152 toadstools
168 creatures vanquished.
4259 creatures vanquished. Ascending Order the royal jelly (Slime:6) Khufu (Crypt:3) Saint Roka (Vault:7) A curse toe (Zot:4) A Killer Klown (Zot:5) Margery (Crypt:5) A golden dragon (shapeshifter) (D:27) A profane servitor (Crypt:5) Xtahua (D:25) Nikola (D:19) A ghost moth (shapeshifter) (Vault:8) A quicksilver dragon (Vault:7) A kraken (Shoals:2) A sphinx (D:24) Frances (D:24) Roxanne (Shoals:3) Ilsuiw (Shoals:5) Donald (Elf:2) Wiglaf (D:18) An iron dragon (Vault:8) A quicksilver dragon zombie (Crypt:1) Maud (Snake:2) A draconian shifter (Zot:1) Dissolution (Slime:6) A quicksilver dragon skeleton (Abyss) A grey draconian (Zot:1) Jozef (Elf:5) A Green Death (Abyss) Azrael (Vault:3) A titan zombie (Crypt:5) A vampire knight (D:24) An ettin (shapeshifter) (D:17) A mummy priest (Crypt:5) Snorg (Crypt:3) An unborn deep dwarf (Crypt:5) An anaconda (shapeshifter) (D:19) Erica (Lair:8) Harold (D:12) Josephine (Elf:2) Polyphemus (Shoals:2) A lorocyproca (D:12) Nessos (Vault:1) A sphinx zombie (Crypt:3) An anaconda skeleton (Crypt:2) A golden dragon skeleton (Crypt:5) An iron dragon zombie (D:27) A death yak (shapeshifter) (D:24) A frost giant zombie (Crypt:5) A shadow dragon skeleton (D:27) A sphinx skeleton (Crypt:3) Erolcha (D:9) An emperor scorpion (shapeshifter) (D:27) An iron dragon skeleton (D:27) A shadow demon (Zot:5) A yellow draconian zombie (Crypt:1) A sea snake (shapeshifter) (Vault:7) A red draconian zombie (Crypt:5) A purple draconian zombie (Crypt:2) A pale draconian zombie (Crypt:1) A black draconian zombie (Abyss) A hellion (D:26) A white draconian skeleton (Crypt:5) Pikel (D:9) A green draconian skeleton (Crypt:1) A pale draconian skeleton (Crypt:3) A death drake zombie (Crypt:4) A sea snake skeleton (Crypt:4) Joseph (D:9) A guardian serpent (shapeshifter) (Vault:7) A yellow draconian skeleton (Zot:4) Urug (D:11) A minotaur zombie (Crypt:1) A shadow dragon simulacrum (Zot:4) A harpy zombie (Crypt:5) A cyclops (shapeshifter) (D:23) A hydra zombie (Vault:1) A red wasp zombie (D:14) A hydra skeleton (Vault:2) Maurice (Snake:1) A shining eye (shapeshifter) (D:27) An ettin zombie (Vault:6) A moth of wrath (shapeshifter) (Vault:8) A tormentor (Zot:5) A trapdoor spider (D:14) An eye of devastation (shapeshifter) (D:23) A spiny worm zombie (Crypt:4) An ice dragon skeleton (Vault:2) An alligator skeleton (Crypt:4) A hill giant zombie (D:25) A queen ant zombie (Crypt:5) A rock troll (shapeshifter) (Vault:8) A spriggan zombie (Crypt:5) An efreet (D:14) A mermaid (shapeshifter) (Vault:8) A redback (Crypt:5) An iron troll simulacrum (D:17) A sea snake simulacrum (Crypt:3) A spriggan (shapeshifter) (D:16) A rock troll zombie (D:19) Prince Ribbit (D:6) A queen bee (D:8) A snapping turtle (shapeshifter) (Vault:5) A snapping turtle zombie (Crypt:3) A spiny frog zombie (Crypt:4) A spiny frog skeleton (Crypt:4) A bumblebee (shapeshifter) (D:20) A lindwurm zombie (Elf:2) A basilisk (D:17) A blink frog zombie (Crypt:1) A basilisk (shapeshifter) (D:19) A fire drake zombie (Crypt:2) A wood golem (D:17) A mermaid zombie (Crypt:5) A blink frog skeleton (Vault:2) Edmund (D:5) A komodo dragon skeleton (Crypt:4) A yaktaur skeleton (D:27) A rock troll simulacrum (Vault:4) A polar bear zombie (Crypt:2) A yak zombie (Vault:2) A bumblebee zombie (Crypt:1) A boring beetle (shapeshifter) (Vault:8) A grizzly bear skeleton (Crypt:4) Sigmund (D:3) Duvessa (D:6) A fire crab simulacrum (D:19) A boulder beetle zombie (Vault:6) A yellow wasp zombie (D:8) A tarantella (shapeshifter) (Vault:7) A silver statue (Zot:5) A giant frog zombie (Crypt:5) A giant leech (shapeshifter) (Vault:8) A two-headed ogre zombie (Crypt:5) Blork the orc (D:4) A black bear skeleton (Crypt:2) A boulder beetle (shapeshifter) (Vault:8) A felid zombie (Crypt:1) A tengu zombie (Crypt:3) Dowan (D:6) A tengu skeleton (Crypt:5) A crocodile skeleton (Crypt:5) A lava snake (Abyss) A boulder beetle simulacrum (D:17) A naga zombie (Crypt:5) A hound zombie (Crypt:1) A hound (shapeshifter) (Vault:6) An iron imp (Abyss) An orange rat skeleton (Crypt:1) A steam dragon zombie (Elf:2) Ijyb (D:5) A mummy (D:26) A goliath beetle zombie (D:9) A giant centipede zombie (D:14) A porcupine skeleton (Crypt:3) A grey rat (shapeshifter) (Vault:8) A bat skeleton (D:27) A gnoll zombie (Crypt:5) A gnoll skeleton (D:27) A giant gecko skeleton (D:4) A giant cockroach zombie (Crypt:5) A goblin skeleton (D:6) A jackal skeleton (Crypt:4) A giant newt zombie (Crypt:4) 2 ancient liches (Zot:5) 2 ghost moths 2 draconian knights 2 draconian annihilators 2 draconian callers (Zot:2) 2 reapers 2 dragons (shapeshifter) 2 deep elf demonologists (Elf:5) 2 alligator snapping turtles 2 rakshasas 2 deep dwarf death knights (Crypt:5) 2 frost giant skeletons 2 wizards (Vault:5) 2 shadow wraiths (D:27) 2 ice devils 2 black draconian skeletons 2 vampire magi 2 red wasps (D:25) 2 fire crabs 2 sixfirhies (Elf:5) 2 dragon zombies 2 alligator zombies (Crypt:5) 2 elephant slugs 2 eyes of devastation 2 slime creatures (shapeshifter) 2 yaktaurs (shapeshifter) 2 deep troll zombies (D:27) 2 blue devils 2 wyverns 2 merfolk skeletons 2 fire drake skeletons 2 yaktaur zombies (D:27) 2 cyclops zombies 2 red devils 2 black bears (D:8) 2 rock worm zombies 2 yak skeletons 2 water moccasin skeletons 2 pulsating lumps (shapeshifter) 2 killer bee zombies 2 fire bats (Abyss) 2 mottled dragon zombies 2 draconians (shapeshifter) 2 mottled dragon skeletons 2 spiders (Crypt:5) 2 hound skeletons 2 worm zombies 2 iguana zombies 2 scorpion zombies 2 giant mites 2 human skeletons 2 ball pythons 2 hobgoblin skeletons (D:6) 2 grey rat zombies 2 fungi 3 greater mummies (Crypt:3) 3 draconian monks (Zot:1) 3 draconian zealots 3 fire giants 3 yellow draconians (Zot:1) 3 pale draconians 3 white draconians 3 storm dragon skeletons 3 deep elf high priests 3 fire giant skeletons 3 catoblepae (Lair:8) 3 guardian serpents 3 elves (shapeshifter) 3 orc sorcerers 3 griffon zombies 3 wolf spiders 3 ettin skeletons 3 hill giant skeletons 3 silent spectres 3 iron devils 3 rock troll skeletons 3 hairy devils 3 neqoxecs 3 steam dragons 3 hell beasts 3 rock worms 3 giant slug zombies 3 sky beasts 3 troll zombies 3 wolves (Orc:4) 3 felid skeletons 3 brain worm zombies 3 lemures (Abyss) 3 adder skeletons 3 iguana skeletons 3 illusory rakshasas (Abyss) 3 goblin zombies 3 quokka skeletons 3 hobgoblin zombies (D:6) 3 butterflies (D:4) 4 liches 4 deep elf blademasters (Elf:5) 4 green draconians 4 deep elf annihilators (Elf:5) 4 greater nagas (Snake:5) 4 black draconians 4 stone giant zombies 4 merfolk impalers 4 feature mimics 4 orange demons 4 elf zombies 4 guardian mummies 4 sharks 4 molten gargoyles (Elf:2) 4 yellow wasps 4 phantoms 4 giant goldfish 4 boring beetles 4 big kobold skeletons 4 midges 4 white imps 4 giant newts 5 orbs of fire (Zot:5) 5 mottled draconians 5 deep elf master archers (Elf:5) 5 deep elf death magi 5 elf skeletons (Elf:5) 5 necromancers 5 iron troll skeletons 5 griffons 5 smoke demons 5 fire drakes 5 fire elementals 5 deep elf priests 5 basilisk skeletons 5 eyes of draining 5 quasits 5 goliath beetles 5 giant centipedes 6 shadow dragons 6 frost giants 6 anacondas 6 great orbs of eyes 6 merfolk aquamancers 6 merfolk javelineers (Shoals:5) 6 orc high priests (Orc:4) 6 very ugly things 6 iron trolls 6 large abominations 6 spiny worms 6 rotting hulks (Crypt:5) 6 soldier ants 6 ice beasts 6 boulder beetles 6 shadows 6 tentacles (Shoals:2) 7 golden dragons 7 draconian scorchers 7 red draconians 7 deep elf sorcerers 7 chaos spawn 7 ynoxinuls 7 giant slugs 7 big kobolds 7 ogre zombies (D:6) 7 boggarts 7 ballistomycetes (D:9) 7 plants 8 electric golems 8 bone dragons 8 eidola (Crypt:5) 8 sirens 8 ogre magi 8 stone giant skeletons 8 statues 8 phantasmal warriors 8 komodo dragons 8 raven skeletons (Crypt:5) 8 deep troll skeletons 8 wraiths 8 mottled dragons 8 jackals 9 ghouls (Crypt:5) 9 azure jellies 9 death oozes 9 naga warriors 9 deep elf summoners 9 small abominations 9 cyclops skeletons 9 scorpions 9 sheep 9 gnolls 10 death cobs 10 hydras 10 elephants 10 golden eyes 10 oozes 11 titans 11 dragons 11 unseen horrors 11 shining eyes 11 spiny frogs 11 hell hounds 11 wargs 11 worker ants 11 worms 11 giant eyeballs 12 sea snakes 12 trolls 12 snapping turtles 12 crimson imps 12 quokkas 12 orc skeletons 13 war dogs 13 necrophages 13 agate snails 13 jellyfish 13 giant cockroaches 14 ettins 14 ice dragons 14 freezing wraiths 14 orange rats 15 flayed ghosts 15 hill giants 15 naga magi 15 mermaids 15 brown oozes 15 vampires 15 water elementals 15 iguanas 15 grey rats 15 giant geckos 16 tentacled monstrosities 16 death yaks 16 harpies 17 hell knights 17 rock trolls 17 hungry ghosts 17 crocodiles 17 human zombies 17 porcupines 17 jellies 18 Orb Guardians (Zot:5) 18 hippogriffs 18 manticores 18 flying skulls 19 cyclopes 19 big fish 20 wights 20 hounds 21 purple draconians 22 giant amoebae 23 two-headed ogres 24 storm dragons 24 vault guards (Vault:7) 24 deep elf conjurers 24 vampire mosquitoes 25 giant frogs 25 goblins 26 black mambas 26 deep elf fighters 27 dancing weapons (Blade) 28 orc knights 28 moths of wrath 28 electric eels 29 deep trolls 29 blink frogs 30 centaur warriors 30 hobgoblins 30 orc zombies 32 acid blobs 34 deep elf soldiers 35 deep elf knights 35 deep elf magi 36 stone giants 36 killer bees 38 orc wizards 39 water moccasins 40 adders 41 yaktaur captains 46 centaurs 49 ufetubi 53 kobolds 54 orc warriors 54 orc priests 57 merfolk 57 ogres 60 rats 68 nagas 70 bats 76 yaktaurs 77 green rats 95 yaks 116 skeletal warriors 139 ugly things 144 slime creatures 152 toadstools 229 orcs
4259 creatures vanquished. The 3-digit Club 116 skeletal warriors 139 ugly things 144 slime creatures 152 toadstools 229 orcs
780 creatures vanquished. ----------------------------------------

Vanquished Creatures (collateral kills)
  Monster Symbol All 'M'
  3 mummies
3 creatures vanquished. All 'S' A water moccasin (Snake:5)
1 creature vanquished.
4 creatures vanquished. Monster Nature Natural Monsters A water moccasin (Snake:5)
1 creature vanquished. Undead Monsters 3 mummies
3 creatures vanquished.
4 creatures vanquished. Ascending Order A water moccasin (Snake:5) 3 mummies
4 creatures vanquished. ----------------------------------------

Vanquished Creatures (others)
  Monster Symbol All '@'
  3 slaves (D:9)
  A human (D:6)
4 creatures vanquished. All '*' A ball lightning (Zot:3) 5 giant spores (D:9) 358 tentacle segments (Shoals:2)
364 creatures vanquished. All '5' 3 ufetubi
3 creatures vanquished. All '8' 31 pillars of salt
31 creatures vanquished. All 'a' A soldier ant (D:17) 2 worker ants (D:9)
3 creatures vanquished. All 'b' A bat (D:9)
1 creature vanquished. All 'B' A goliath beetle (Snake:5)
1 creature vanquished. All 'c' 3 yaktaurs 2 centaurs
5 creatures vanquished. All 'C' A frost giant (D:25) An ettin (D:23)
2 creatures vanquished. All 'e' 2 deep elf knights A deep elf fighter (Elf:1) A deep elf mage (Elf:2) 2 deep elf soldiers
6 creatures vanquished. All 'f' 3 ballistomycetes (D:9) 20 fungi 769 toadstools
792 creatures vanquished. All 'F' 2 blink frogs (Lair:7)
2 creatures vanquished. All 'g' 2 hobgoblins
2 creatures vanquished. All 'J' 52 slime creatures
52 creatures vanquished. All 'k' 2 killer bees (Snake:5)
2 creatures vanquished. All 'K' 10 kobolds
10 creatures vanquished. All 'l' A giant gecko (Lair:3)
1 creature vanquished. All 'M' A mummy (D:27)
1 creature vanquished. All 'o' An orc wizard (Vault:2) 15 orcs
16 creatures vanquished. All 'O' 4 ogres
4 creatures vanquished. All 'P' A bush (Lair:8) 33 plants
34 creatures vanquished. All 'r' A green rat (Lair:3) 2 grey rats A quokka (D:5) 5 rats
9 creatures vanquished. All 's' 3 wolf spiders A redback (Vault:5) A scorpion (Elf:5)
5 creatures vanquished. All 'S' A water moccasin (Lair:7) An adder (D:9)
2 creatures vanquished. All 't' A crocodile (Lair:5)
1 creature vanquished. All 'T' A deep troll (D:27)
1 creature vanquished. All 'u' 2 ugly things (D:17)
2 creatures vanquished. All 'w' A brain worm (Vault:4) 8 tentacles (Shoals:2)
9 creatures vanquished. All 'x' 3 crawling corpses
3 creatures vanquished. All 'y' A red wasp (D:21)
1 creature vanquished. All 'Y' 2 yaks A sheep (Vault:7)
3 creatures vanquished. All 'z' A human zombie (D:25) A big kobold skeleton (Crypt:5) A hound zombie (D:8) A goblin simulacrum (Vault:6) An orc zombie (D:6) A rat skeleton (Crypt:3)
6 creatures vanquished. All 'Z' A sphinx zombie (Crypt:5)
1 creature vanquished.
1379 creatures vanquished. Monster Nature Natural Monsters A frost giant (D:25) An ettin (D:23) A deep troll (D:27) 2 deep elf knights A red wasp (D:21) 3 wolf spiders 52 slime creatures 3 yaktaurs 2 ugly things (D:17) A redback (Vault:5) 2 blink frogs (Lair:7) 2 yaks A deep elf fighter (Elf:1) A soldier ant (D:17) 3 slaves (D:9) A human (D:6) A deep elf mage (Elf:2) 4 ogres A brain worm (Vault:4) A water moccasin (Lair:7) 2 centaurs A crocodile (Lair:5) 2 killer bees (Snake:5) A goliath beetle (Snake:5) A scorpion (Elf:5) An orc wizard (Vault:2) 2 worker ants (D:9) 2 deep elf soldiers A sheep (Vault:7) An adder (D:9) A green rat (Lair:3) 2 grey rats A giant gecko (Lair:3) 15 orcs 2 hobgoblins 10 kobolds A bat (D:9) A quokka (D:5) 5 rats 8 tentacles (Shoals:2) 358 tentacle segments (Shoals:2)
502 creatures vanquished. Non-Living Monsters A ball lightning (Zot:3) 31 pillars of salt
32 creatures vanquished. Undead Monsters A sphinx zombie (Crypt:5) A human zombie (D:25) A big kobold skeleton (Crypt:5) A hound zombie (D:8) A mummy (D:27) A goblin simulacrum (Vault:6) An orc zombie (D:6) A rat skeleton (Crypt:3) 3 crawling corpses
11 creatures vanquished. Demonic Monsters 3 ufetubi
3 creatures vanquished. Plants 5 giant spores (D:9) 3 ballistomycetes (D:9) A bush (Lair:8) 20 fungi 33 plants 769 toadstools
831 creatures vanquished.
1379 creatures vanquished. Ascending Order A frost giant (D:25) An ettin (D:23) A sphinx zombie (Crypt:5) A ball lightning (Zot:3) A deep troll (D:27) A red wasp (D:21) A redback (Vault:5) A human zombie (D:25) A deep elf fighter (Elf:1) A soldier ant (D:17) A human (D:6) A deep elf mage (Elf:2) A brain worm (Vault:4) A water moccasin (Lair:7) A crocodile (Lair:5) A big kobold skeleton (Crypt:5) A goliath beetle (Snake:5) A hound zombie (D:8) A scorpion (Elf:5) An orc wizard (Vault:2) A sheep (Vault:7) A mummy (D:27) An adder (D:9) A green rat (Lair:3) A giant gecko (Lair:3) A rat skeleton (Crypt:3) A bat (D:9) A goblin simulacrum (Vault:6) An orc zombie (D:6) A quokka (D:5) A bush (Lair:8) 2 deep elf knights 2 ugly things (D:17) 2 blink frogs (Lair:7) 2 yaks 2 centaurs 2 killer bees (Snake:5) 2 worker ants (D:9) 2 deep elf soldiers 2 grey rats 2 hobgoblins 3 wolf spiders 3 yaktaurs 3 slaves (D:9) 3 ufetubi 3 crawling corpses 3 ballistomycetes (D:9) 4 ogres 5 rats 5 giant spores (D:9) 8 tentacles (Shoals:2) 10 kobolds 15 orcs 20 fungi 31 pillars of salt 33 plants 52 slime creatures 358 tentacle segments (Shoals:2) 769 toadstools
1379 creatures vanquished. The 3-digit Club 358 tentacle segments (Shoals:2) 769 toadstools
1127 creatures vanquished. ----------------------------------------

Grand Total: 5642 creatures vanquished

Notes
Turn   | Place    | Note
--------------------------------------------------------------
     0 | D:1      | 78291, the Human Priest, began the quest for the Orb.
     0 | D:1      | Reached XP level 1. HP: 16/16 MP: 2/2
   247 | D:1      | Reached XP level 2. HP: 20/22 MP: 4/4
   534 | D:1      | Acquired Zin's second power
   757 | D:1      | Reached XP level 3. HP: 25/27 MP: 6/6
  1558 | D:2      | Found a shimmering altar of Xom.
  1896 | D:3      | Reached XP level 4. HP: 27/34 MP: 8/8
  1921 | D:3      | Acquired Zin's third power
  1964 | D:3      | Noticed Sigmund
  1985 | D:3      | Found a shimmering altar of Xom.
  2399 | D:4      | HP: 1/34 [gnoll/spear (7)]
  2400 | D:5      | Entered Level 5 of the Dungeon
  2706 | D:5      | Noticed Ijyb
  2777 | D:5      | Reached XP level 5. HP: 25/39 MP: 10/10
  2942 | D:5      | Reached XP level 6. HP: 23/45 MP: 12/12
  3212 | D:5      | Noticed Edmund
  3348 | D:3      | Noticed a hippogriff
  4563 | D:4      | Reached XP level 7. HP: 38/50 MP: 14/14
  4829 | D:4      | Found a white marble altar of Elyvilon.
  5213 | D:5      | Reached skill level 6 in Invocations
  5382 | D:5      | Killed Edmund
  5490 | D:5      | Found a basalt altar of Yredelemnul.
  5541 | D:5      | Found a staircase to the Ecumenical Temple.
  5551 | Temple   | Entered the Ecumenical Temple
  5728 | D:5      | Killed Ijyb
  5728 | D:5      | Reached skill level 7 in Invocations
  5779 | D:6      | Found an ancient bone altar of Kikubaaqudgha.
  5885 | D:6      | Noticed Duvessa
  5889 | D:6      | Noticed Dowan
  5937 | D:6      | Reached XP level 8. HP: 57/57 MP: 18/18
  5960 | D:6      | Noticed Prince Ribbit
  5976 | D:6      | Killed Prince Ribbit
  5976 | D:6      | Reached skill level 8 in Invocations
  6223 | D:6      | Killed Duvessa
  6242 | D:6      | Killed Dowan
  6595 | D:6      | Noticed an ogre zombie
  6595 | D:6      | Noticed an ogre zombie
  6600 | D:6      | Found a staircase to the Orcish Mines.
  6600 | D:6      | Noticed an ogre zombie
  6600 | D:6      | Noticed an ogre zombie
  6605 | D:6      | Noticed an ogre zombie
  6783 | D:6      | Noticed an ogre zombie
  6794 | D:6      | Killed an ogre zombie
  6881 | D:6      | Noticed an ogre zombie
  6950 | D:6      | Killed an ogre zombie
  7020 | D:6      | Killed an ogre zombie
  7034 | D:6      | Killed an ogre zombie
  7146 | D:6      | Noticed a troll zombie
  7773 | D:6      | Killed an ogre zombie
  7949 | D:6      | Reached XP level 9. HP: 57/62 MP: 20/20
  8159 | D:6      | Killed an ogre zombie
  8692 | D:6      | Killed a troll zombie
  8761 | D:6      | Killed an ogre zombie
  9247 | D:7      | Found Wuguar's Distillery.
  9251 | D:7      | Bought a potion of curing for 20 gold pieces
  9251 | D:7      | Bought a potion of heal wounds for 30 gold pieces
  9251 | D:7      | Bought a potion of heal wounds for 30 gold pieces
  9251 | D:7      | Bought a potion of slowing for 10 gold pieces
  9251 | D:7      | Bought a potion of poison for 10 gold pieces
  9251 | D:7      | Bought a potion of might for 25 gold pieces
  9251 | D:7      | Bought a potion of heal wounds for 30 gold pieces
 10149 | D:8      | Found a bloodstained altar of Trog.
 10311 | D:8      | Reached XP level 10. HP: 70/70 MP: 21/21
 10442 | D:8      | Found a radiant altar of Vehumet.
 10933 | D:8      | Noticed a queen bee
 10959 | D:8      | Killed a queen bee
 13787 | D:9      | Noticed Joseph
 14028 | D:9      | Noticed Pikel
 14058 | D:9      | Killed Pikel
 14058 | D:9      | Reached XP level 11. HP: 75/81 MP: 22/22
 14064 | D:9      | finally a real weapon
 14107 | D:9      | Your ally freed slave died
 14140 | D:9      | Your ally freed slave died
 14170 | D:9      | Your ally freed slave died
 14956 | D:9      | Killed Joseph
 15425 | D:9      | Reached skill level 9 in Maces & Flails
 16206 | D:9      | Reached skill level 10 in Maces & Flails
 16218 | D:9      | Noticed Erolcha
 16239 | D:9      | Killed Erolcha
 16241 | D:9      | Acquired Zin's fourth power
 16760 | D:10     | Entered Level 10 of the Dungeon
 16977 | D:10     | Reached skill level 11 in Maces & Flails
 17552 | D:10     | Found a portal to a secret trove of treasure.
 18070 | D:8      | Reached XP level 12. HP: 88/88 MP: 24/24
 18191 | D:8      | Found a staircase to the Lair.
 18234 | Lair:1   | Entered Level 1 of the Lair of Beasts
 22892 | Lair:3   | Got a ripped robe
 22916 | Lair:3   | Identified the cursed -4 robe of Brou (You found it on level 3 of the Lair of Beasts)
 24036 | Lair:4   | Found a staircase to the Snake Pit.
 24326 | Lair:4   | Reached XP level 13. HP: 71/97 MP: 27/27
 24349 | Lair:4   | Reached skill level 12 in Invocations
 25047 | Lair:5   | Found a staircase to the Swamp.
 25412 | Lair:5   | the staircase to the Swamp was a mimic.
 26700 | Lair:6   | Found a viscous altar of Jiyva.
 27281 | Lair:6   | Learned a level 1 spell: Apportation
 27284 | Lair:6   | Learned a level 2 spell: Blink
 27343 | Lair:6   | Found a staircase to the Slime Pits.
 27507 | Lair:6   | Found a staircase to the Shoals.
 27881 | Lair:7   | Found a blossoming altar of Fedhas.
 28986 | Lair:6   | Learned a level 1 spell: Freeze
 30117 | Lair:8   | Entered Level 8 of the Lair of Beasts
 30544 | Lair:8   | Learned a level 2 spell: Throw Frost
 30806 | Lair:8   | Noticed Erica
 30905 | Lair:8   | Killed Erica
 31672 | Lair:8   | Reached XP level 14. HP: 82/105 MP: 28/28
 31764 | Lair:8   | Learned a level 3 spell: Ozocubu's Armour
 33132 | Lair:8   | Noticed Rupert
 35888 | Lair:2   | Learned a level 4 spell: Throw Icicle
 36343 | D:11     | Noticed Urug
 36364 | D:11     | Killed Urug
 36977 | D:11     | Paralysed by a giant eyeball for 3 turns
 36996 | D:11     | Paralysed by a giant eyeball for 3 turns
 37374 | Orc:1    | Entered Level 1 of the Orcish Mines
 37541 | Orc:1    | Found Rauveam's Jewellery Boutique.
 37567 | Orc:1    | Bought an uncursed amulet of inaccuracy for 24 gold pieces
 38384 | Orc:2    | Found an ancient bone altar of Kikubaaqudgha.
 38387 | Orc:2    | Found Jiell's Jewellery Boutique.
 38678 | Orc:4    | Entered Level 4 of the Orcish Mines
 38790 | Orc:4    | Found a staircase to the Elven Halls.
 38845 | Orc:4    | Reached XP level 15. HP: 111/111 MP: 30/30
 39685 | Orc:4    | Reached XP level 14. HP: 102/105 MP: 29/29
 40878 | Orc:4    | Found Khausiol's Magical Wand Boutique.
 40878 | Orc:4    | Found Psoozxet's General Store.
 40889 | Orc:4    | Reached XP level 15. HP: 109/111 MP: 30/30
 40936 | Orc:4    | Bought a potion of heal wounds for 33 gold pieces
 41264 | Orc:4    | Found a roughly hewn altar of Beogh.
 41487 | Orc:4    | Found Trysy's Food Boutique.
 41487 | Orc:4    | Found Ghythaol's Magical Wand Emporium.
 41720 | Orc:4    | Found an iron altar of Okawaru.
 42302 | Lair:2   | Learned a level 2 spell: Shroud of Golubria
 42302 | Lair:2   | Upgraded the game from 0.10.0-14-ga75c42d to 0.10.0-21-g6e717ff
 42443 | Orc:1    | Bought the amulet of Makhleb's Esteem {Cons Str+2} for 484 gold pieces
 42814 | D:12     | Noticed Harold
 42833 | D:12     | Killed Harold
 44981 | D:14     | Entered Level 14 of the Dungeon
 45012 | D:14     | Learned a level 1 spell: Summon Small Mammals
 45062 | D:14     | Found a staircase to the Vaults.
 46987 | D:14     | Paralysed by a giant eyeball for 3 turns
 47140 | D:14     | Reached skill level 13 in Invocations
 47444 | D:14     | Reached XP level 16. HP: 107/118 MP: 31/34
 47599 | D:15     | Entered Level 15 of the Dungeon
 48461 | D:15     | Found a glowing golden altar of the Shining One.
 49528 | D:16     | Noticed a pulsating lump
 49535 | D:16     | Killed a pulsating lump
 49948 | D:16     | Paralysed by a potion of paralysis for 7 turns
 50197 | D:16     | Found Shradil's Jewellery Boutique.
 50827 | Vault:1  | Entered Level 1 of the Vaults
 50827 | Vault:1  | Noticed Nessos
 50886 | Vault:1  | Killed Nessos
 51573 | Vault:1  | Got a transparent copper ring
 51788 | Vault:1  | Noticed Aizul
 54538 | Vault:2  | Reached XP level 17. HP: 36/124 MP: 26/35
 55486 | Vault:2  | Found a staircase to the Crypt.
 56882 | Lair:2   | Identified the ring "Gyifes" (You found it on level 1 of the Vaults)
 59080 | D:18     | whee
 59178 | D:18     | Reached skill level 14 in Maces & Flails
 60355 | D:18     | Got a transparent large shield
 60498 | D:18     | Got a pair of ichor-stained gloves
 60598 | D:18     | Got an encrusted mace
 60601 | D:18     | Identified the mace "Schotafef" {antimagic, +Lev rN+} (You found it on level 18 of the Dungeon)
 60615 | D:18     | Identified the +2 large shield "Shamp" (You found it on level 18 of the Dungeon)
 60627 | D:18     | Identified the +3 pair of gloves of Life (You found it on level 18 of the Dungeon)
 60741 | D:18     | Reached skill level 15 in Maces & Flails
 60764 | D:18     | Reached XP level 18. HP: 48/132 MP: 24/36
 61111 | D:18     | Found an iron altar of Okawaru.
 61133 | D:18     | Noticed Wiglaf
 61519 | D:18     | Killed Wiglaf
 61538 | D:18     | Got an encrusted scale mail
 61741 | D:19     | Noticed Nikola
 61771 | D:18     | Gained mutation: You are agile (Dex +1).
 61833 | D:17     | Noticed an ettin
 61833 | D:17     | an anaconda changed into an ettin
 61839 | D:17     | Killed an ettin
 62346 | Vault:3  | Found Qiofaimu's Magic Scroll Emporium.
 62367 | Vault:3  | Bought a scroll of blinking for 82 gold pieces
 62367 | Vault:3  | Bought a scroll of recharging for 82 gold pieces
 63014 | Vault:3  | Noticed Azrael
 63022 | Vault:3  | Killed Azrael
 63181 | Vault:3  | Reached skill level 16 in Maces & Flails
 63475 | Vault:4  | Got a brightly glowing iron amulet
 63785 | Vault:4  | Identified the amulet "Suwk" (You found it on level 4 of the Vaults)
 63902 | Vault:4  | Found Blaet's Weapon Shoppe.
 64439 | Vault:4  | Found a staircase to the Hall of Blades.
 64934 | Snake:1  | Entered Level 1 of the Snake Pit
 65311 | Snake:1  | Noticed Maurice
 65317 | Snake:1  | Killed Maurice
 65531 | Snake:2  | Found Troewid's General Store.
 65834 | Snake:2  | Noticed Maud
 65857 | Snake:2  | Killed Maud
 65857 | Snake:2  | Reached skill level 17 in Maces & Flails
 66446 | Snake:3  | Found Boceadgh's Weapon Shoppe.
 66949 | Snake:3  | Reached XP level 19. HP: 80/138 MP: 23/36
 67190 | Snake:4  | Found Tryenne's General Store.
 67737 | Snake:4  | Gained mutation: Your mind is acute (Int +1).
 68250 | Lair:2   | Reached skill level 18 in Maces & Flails
 68250 | Lair:2   | Reached XP level 20. HP: 145/145 MP: 36/37
 68531 | Vault:5  | Found Skaeqoit's Distillery.
 72162 | Vault:7  | Found Xuxank's Assorted Antiques.
 72180 | Vault:7  | Bought a pair of transparent boots for 182 gold pieces
 72180 | Vault:7  | Bought a scroll of identify for 56 gold pieces
 72184 | Vault:7  | Identified the +3 pair of boots of Minor Irritation (You bought it in a shop on level 7 of the Vaults)
 72473 | Vault:7  | Reached XP level 21. HP: 116/156 MP: 37/37
 72590 | Vault:7  | Found Emia's Magic Scroll Shoppe.
 72598 | Vault:7  | Found Cleck's Magical Wand Boutique.
 72611 | Vault:7  | Found Weutuf's Distillery.
 72623 | Vault:7  | Noticed Saint Roka
 73014 | Vault:7  | Found Hapnevu's Food Emporium.
 73056 | Vault:7  | Bought 2 potions of heal wounds for 120 gold pieces
 73196 | Vault:7  | Reached XP level 20. HP: 129/150 MP: 36/37
 73217 | Vault:7  | Reached XP level 21. HP: 111/156 MP: 37/37
 74045 | Vault:7  | Killed Saint Roka
 76245 | D:19     | Killed Nikola
 77020 | D:20     | Entered Level 20 of the Dungeon
 77108 | D:20     | Noticed Mara
 77110 | D:20     | Noticed 78291's illusion
 79117 | D:21     | Found a gateway to Hell.
 80116 | D:21     | Reached XP level 22. HP: 156/164 MP: 38/38
 83357 | D:23     | Noticed a shining eye
 83357 | D:23     | an eye of devastation changed into a shining eye
 83359 | D:23     | a shining eye changed into a merfolk
 83471 | D:23     | Got an inconspicuous book
 83473 | D:23     | Identified the Volume of Wyrd (You found it on level 23 of the Dungeon)
 83476 | D:23     | Learned a level 2 spell: Repel Missiles
 83952 | D:23     | Paralysed by an ogre mage for 7 turns
 84799 | Lair:2   | Learned a level 6 spell: Haste
 85415 | D:24     | Noticed Frances
 85520 | D:24     | Killed Frances
 85723 | D:24     | Found a one-way gate to the infinite horrors of the Abyss.
 85742 | D:24     | Reached XP level 23. HP: 150/170 MP: 38/38
 86004 | D:24     | Paralysed by a great orb of eyes for 5 turns
 86243 | D:24     | Noticed a pulsating lump
 86249 | D:24     | Killed a pulsating lump
 87646 | D:24     | Found an ancient bone altar of Kikubaaqudgha.
 87748 | D:24     | Paralysed by it for 3 turns
 88517 | D:24     | Found a one-way gate leading to the halls of Pandemonium.
 88939 | D:25     | Entered Level 25 of the Dungeon
 89442 | D:25     | Noticed Mennas
 90467 | D:25     | Found Cakoetoc's Antique Weapon Shoppe.
 90491 | D:25     | Noticed Xtahua
 90537 | D:25     | Killed Xtahua
 90537 | D:25     | Reached XP level 24. HP: 116/178 MP: 2/39
 90785 | D:25     | Found a shimmering altar of Xom.
 92110 | Lair:2   | Learned a level 6 spell: Ozocubu's Refrigeration
 92390 | Blade    | Entered the Hall of Blades
 95648 | Crypt:1  | Entered Level 1 of the Crypt
 97501 | Crypt:2  | Found a staircase to the Tomb.
 98733 | Crypt:3  | Reached XP level 25. HP: 184/184 MP: 41/41
 98736 | Crypt:3  | Noticed Snorg
 98746 | Crypt:3  | Killed Snorg
 99663 | Crypt:3  | Noticed Khufu
100292 | Vault:7  | Bought 2 scrolls of blinking for 209 gold pieces
100292 | Vault:7  | Bought a scroll of silence for 142 gold pieces
101159 | Crypt:3  | Killed Khufu
102522 | Crypt:5  | Entered Level 5 of the Crypt
102800 | Crypt:5  | Noticed Margery
103462 | Crypt:5  | Killed Margery
104157 | Crypt:5  | Found a basalt altar of Yredelemnul.
106206 | Crypt:5  | Got a heavily runed ruby amulet
106209 | Crypt:5  | Identified the amulet "Thafil" (You found it on level 5 of the Crypt)
106214 | Crypt:5  | Got a bloodstained helmet
106218 | Crypt:5  | Identified the -3 helmet "Zeocodi" (You acquired it on level 5 of the Crypt)
106218 | Crypt:5  | awesome
106232 | Crypt:5  | Learned a level 4 spell: Control Teleport
106374 | Crypt:5  | Reached XP level 26. HP: 182/200 MP: 43/43
107193 | Orc:4    | Bought a wand of fireball (8) for 312 gold pieces
109104 | Snake:5  | Entered Level 5 of the Snake Pit
109686 | Snake:5  | Found Blasch's Food Shoppe.
110947 | Snake:5  | Got a serpentine rune of Zot
111634 | Shoals:1 | Entered Level 1 of the Shoals
113057 | Shoals:2 | Noticed Polyphemus
113384 | Shoals:2 | Killed Polyphemus
113766 | Shoals:2 | Found Wile's Weapon Boutique.
114312 | Shoals:3 | Noticed Roxanne
114388 | Shoals:3 | Killed Roxanne
114390 | Shoals:3 | Got a sparkling book
114391 | Shoals:3 | Identified Roxanne's Guide on Earthen Moulding (You took it off Roxanne on level 3 of the Shoals)
115218 | Shoals:4 | Found Umnak's Distillery.
115733 | Shoals:5 | Entered Level 5 of the Shoals
115941 | Shoals:5 | Found Kehuzo's Antique Weapon Shop.
115979 | Shoals:5 | Got a faintly glowing quick blade
116041 | Shoals:5 | Bought a runed demon trident for 480 gold pieces
117061 | Shoals:5 | Learned a level 3 spell: Flight
117099 | Shoals:5 | Reached XP level 27. HP: 151/206 MP: 45/45
117372 | Shoals:5 | Noticed Ilsuiw
117473 | Shoals:5 | Killed Ilsuiw
118142 | Shoals:5 | Learned a level 2 spell: Swiftness
118186 | Shoals:5 | Reached XP level 26. HP: 130/200 MP: 39/44
118243 | Shoals:5 | Got a barnacled rune of Zot
119024 | Lair:2   | Identified the +0,+2 quick blade of Night (You found it on level 5 of the Shoals)
120225 | D:26     | Reached XP level 27. HP: 197/206 MP: 45/45
121026 | D:26     | Got a conspicuous book
121027 | D:26     | Identified the Papyrus of Displacement and Transmigration (You found it on level 26 of the Dungeon)
121465 | D:27     | Entered Level 27 of the Dungeon
122453 | D:27     | Found a magical portal.
122456 | WizLab   | Entered Iskenderun's Mystic Tower
122658 | WizLab   | Reached XP level 26. HP: 164/200 MP: 44/45
122778 | WizLab   | Reached XP level 27. HP: 200/206 MP: 45/45
122886 | WizLab   | Got an antique book
122886 | WizLab   | Got a sparkling book
122887 | WizLab   | Identified Iskenderun's Handbook of Fiery Conjuration (You found it in Iskenderun's Mystic Tower)
122887 | WizLab   | Identified Iskenderun's Incunabulum of Confrontation and the Volcanoes (You found it in Iskenderun's Mystic Tower)
122919 | WizLab   | Got a blackened book
122920 | WizLab   | Identified Nergalle's Guide on Arcane Weapons (You found it in Iskenderun's Mystic Tower)
123246 | D:27     | Noticed a shining eye
123246 | D:27     | a boulder beetle changed into a shining eye
123249 | D:27     | Killed a shining eye
124368 | D:27     | Learned a level 7 spell: Controlled Blink
124406 | D:27     | Got an uncursed dazzling flail
124407 | D:27     | Identified the flail of Imbalance {pain, Int+1} (You took it off a skeletal warrior on level 27 of the Dungeon)
126370 | Elf:1    | Entered Level 1 of the Elven Halls
126520 | Elf:1    | Found Igizxiz's Book Boutique.
127065 | Elf:1    | Learned a level 3 spell: Abjuration 127367
                  | trove
                  | Entered a treasure trove 127375
                  | trove
                  | Got a steaming golden ring 127377
                  | trove
                  | Got a flickering bone amulet 127393
                  | trove
                  | Got a fine turquoise ring 127397
                  | trove
                  | Got a smoking lead amulet
127540 | Lair:2   | Identified the ring "Nonen" (You found it in a treasure trove)
127541 | Lair:2   | Identified the amulet of Xeop (You found it in a treasure trove)
127549 | Lair:2   | Identified the ring "Zuclop" (You found it in a treasure trove)
127549 | Lair:2   | Identified the amulet "Psi Huij" (You found it in a treasure trove)
127954 | Elf:2    | Noticed Josephine
127966 | Elf:2    | Killed Josephine
128318 | Elf:2    | Noticed Donald
128331 | Elf:2    | Killed Donald
130274 | Elf:5    | Entered Level 5 of the Elven Halls
130463 | Elf:5    | Found Bazy's Armour Emporium.
130830 | Elf:5    | Noticed Jozef
130831 | Elf:5    | Noticed a deep elf blademaster
130831 | Elf:5    | Noticed a deep elf blademaster
130850 | Elf:5    | Killed a deep elf blademaster
130877 | Elf:5    | Killed Jozef
131107 | Elf:5    | Noticed a deep elf master archer
131128 | Elf:5    | Killed a deep elf master archer
131168 | Elf:5    | Noticed a deep elf master archer
131183 | Elf:5    | Killed a deep elf master archer
131551 | Elf:5    | Noticed a deep elf master archer
131582 | Elf:5    | Got a bloodstained fire dragon armour
131583 | Elf:5    | Identified the +8 fire dragon armour of Springtime (You took it off a deep elf death mage on level 5 of the Elven Halls)
131697 | Elf:5    | Reached skill level 19 in Maces & Flails
131975 | Elf:5    | Killed a deep elf blademaster
132327 | Elf:5    | Killed a deep elf master archer
132821 | Elf:5    | Noticed a deep elf blademaster
132837 | Elf:5    | Killed a deep elf blademaster
132849 | Elf:5    | Noticed a deep elf master archer
132867 | Elf:5    | Killed a deep elf master archer
133234 | Elf:5    | Noticed a deep elf master archer
133236 | Elf:5    | Noticed a deep elf blademaster
133260 | Elf:5    | Killed a deep elf blademaster
133265 | Elf:5    | Killed a deep elf master archer
133455 | Elf:5    | Got a torn book
133460 | Elf:5    | Identified the Handbook of Arcane Weapons and the Volcanoes (You found it on level 5 of the Elven Halls)
133544 | Elf:5    | Got a glittering iron ring
133549 | Elf:5    | Identified the ring "Faokkoj" (You found it on level 5 of the Elven Halls)
134670 | Vault:8  | Entered Level 8 of the Vaults
134911 | Vault:7  | Reached skill level 20 in Maces & Flails
136337 | Vault:7  | Noticed a pulsating lump
136337 | Vault:7  | a cyclops changed into a pulsating lump
136338 | Vault:7  | a pulsating lump changed into a merfolk
138107 | Vault:8  | Paralysed by an ogre mage for 5 turns
138582 | Vault:8  | Got an engraved book
138583 | Vault:8  | Identified the Volume of Venomous Confrontation (You found it on level 8 of the Vaults)
140307 | Vault:8  | Noticed a pulsating lump
140307 | Vault:8  | a merfolk changed into a pulsating lump
140308 | Vault:8  | a pulsating lump changed into a moth of wrath
140525 | Vault:8  | Got a silver rune of Zot
141329 | Slime:1  | Entered Level 1 of the Pits of Slime
141374 | Slime:1  | Paralysed by a great orb of eyes for 2 turns
142995 | Slime:4  | Paralysed by a giant eyeball for 4 turns
143456 | Slime:5  | Paralysed by a giant eyeball for 2 turns
143635 | Slime:5  | Found a viscous altar of Jiyva.
143652 | Slime:5  | Paralysed by a giant eyeball for 3 turns
143961 | Slime:4  | Paralysed by a giant eyeball for 2 turns
144988 | Slime:2  | Paralysed by a giant eyeball for 2 turns
144992 | Slime:2  | Paralysed by a giant eyeball for 4 turns
145300 | Slime:3  | Received a gift from Zin
145300 | Slime:3  | Lost mutation: You are agile (Dex +1).
145300 | Slime:3  | Lost mutation: Your mind is acute (Int +1).
145301 | Slime:3  | oops
145700 | Slime:6  | Entered Level 6 of the Pits of Slime
145700 | Slime:6  | Noticed Dissolution
145701 | Slime:6  | oh there you are
145722 | Slime:6  | Killed Dissolution
146018 | Slime:6  | Noticed the royal jelly
146991 | Slime:6  | Killed the royal jelly
147584 | Slime:6  | Got a slimy rune of Zot
147671 | Slime:6  | Got a shimmering glass ring
148044 | Lair:2   | Identified the ring of Pyzuewn (You found it on level 6 of the Pits of Slime)
148979 | Zot:1    | Entered Level 1 of the Realm of Zot
152885 | Zot:1    | Gained mutation: Your muscles are strong (Str +1).
154525 | D:4      | Noticed Blork the orc
154528 | D:4      | Killed Blork the orc
154575 | D:3      | Killed a hippogriff
154693 | D:3      | Killed Sigmund
157758 | Zot:2    | Cast into the Abyss (grey draconian shifter)
157758 | Abyss    | Entered The Abyss
157934 | Abyss    | Found a blossoming altar of Fedhas.
157969 | Abyss    | Found a blossoming altar of Fedhas.
157986 | Abyss    | Found a corrupted altar of Lugonu.
158029 | Zot:2    | You pass through the gate.
158442 | Zot:2    | Cast into the Abyss (grey draconian shifter)
158719 | Zot:2    | You pass through the gate.
164481 | Zot:5    | Entered Level 5 of the Realm of Zot
167568 | Zot:5    | Got the Orb of Zot
167663 | Zot:5    | Noticed Thozochi the pandemonium lord
168672 | D:$      | Escaped with the Orb! Spells cast
                  | 1- 3
                  | 4- 6
                  | 7- 9
                  | 10-12
                  | 13-15
                  | 16-18
                  | 19-21
                  | 22-24
                  | 25-27 || total -------------------------+-------+-------+-------+-------+-------+-------+-------+-------+-------++------- Freeze
                  | |
                  | |
                  | 33
                  | 21
                  | |
                  | || 54 Throw Frost
                  | |
                  | |
                  | 98
                  | 16
                  | |
                  | || 114 Ozocubu's Armour
                  | |
                  | |
                  | 29
                  | 2
                  | |
                  | || 31 Blink
                  | |
                  | |
                  | 4
                  | 7
                  | 4
                  | 16
                  | 53 || 84 Summon Small Mammals
                  | |
                  | |
                  | 5
                  | |
                  | | 14 || 19 Throw Icicle
                  | |
                  | |
                  | 2
                  | 307
                  | 120
                  | 127
                  | 408 || 964 Repel Missiles
                  | |
                  | |
                  | |
                  | | 2
                  | 167 || 169 Haste
                  | |
                  | |
                  | |
                  | | 3
                  | 25 || 28 Shroud of Golubria
                  | |
                  | |
                  | |
                  | | 1
                  | 1 || 2 Flight
                  | |
                  | |
                  | |
                  | |
                  | 25 || 25 Ozocubu's Refrigeration
                  | |
                  | |
                  | |
                  | |
                  | 5 || 5 Control Teleport
                  | |
                  | |
                  | |
                  | |
                  | 3 || 3 Swiftness
                  | |
                  | |
                  | |
                  | |
                  | 2 || 2 Apportation
                  | |
                  | |
                  | |
                  | |
                  | 1 || 1 Abjuration
                  | |
                  | |
                  | |
                  | |
                  | 1 || 1

Action                   |  1- 3 |  4- 6 |  7- 9 | 10-12 | 13-15 | 16-18 | 19-21 | 22-24 | 25-27 || total
-------------------------+-------+-------+-------+-------+-------+-------+-------+-------+-------++-------
Melee: Quarterstaff      |   140 |   273 |   461 |   270 |       |       |       |       |       ||  1144
       Whip              |       |       |       |  1348 |  2941 |  1749 |       |       |       ||  6038
       Dagger            |       |       |       |       |    16 |       |       |       |       ||    16
       Spiked flail      |       |       |       |       |       |    38 |       |       |       ||    38
       Great mace        |       |       |       |       |       |   366 |  1314 |  2008 |  7635 || 11323
       Lajatang          |       |       |       |       |       |     9 |       |       |       ||     9
 Fire: Crossbow          |       |       |    92 |   264 |    34 |       |       |       |       ||   390
 Cast: Freeze            |       |       |       |       |    33 |    21 |       |       |       ||    54
       Throw Frost       |       |       |       |       |    98 |    16 |       |       |       ||   114
       Ozocubu's Armour  |       |       |       |       |    29 |     2 |       |       |       ||    31
       Blink             |       |       |       |       |     4 |     7 |     4 |    16 |    53 ||    84
       Summon Small Mamm |       |       |       |       |     5 |       |       |       |    14 ||    19
       Throw Icicle      |       |       |       |       |     2 |   307 |   120 |   127 |   408 ||   964
       Repel Missiles    |       |       |       |       |       |       |       |     2 |   167 ||   169
       Haste             |       |       |       |       |       |       |       |     3 |    25 ||    28
       Shroud of Golubri |       |       |       |       |       |       |       |     1 |     1 ||     2
       Flight            |       |       |       |       |       |       |       |       |    25 ||    25
       Ozocubu's Refrige |       |       |       |       |       |       |       |       |     5 ||     5
       Control Teleport  |       |       |       |       |       |       |       |       |     3 ||     3
       Swiftness         |       |       |       |       |       |       |       |       |     2 ||     2
       Apportation       |       |       |       |       |       |       |       |       |     1 ||     1
       Abjuration        |       |       |       |       |       |       |       |       |     1 ||     1
Invok: Recite            |       |     1 |    16 |     4 |    27 |    21 |    20 |     9 |    17 ||   115
       Imprison          |       |       |     1 |       |       |     1 |       |       |       ||     2
       Vitalisation      |       |       |     1 |     1 |       |     1 |       |     1 |     9 ||    13
       Sanctuary         |       |       |       |       |       |       |       |       |     1 ||     1
       Cure All Mutation |       |       |       |       |       |       |       |       |     1 ||     1
 Abil: Evoke Teleportati |       |       |       |       |       |       |       |       |     3 ||     3
Evoke: Wand              |     2 |    16 |    22 |    27 |    15 |    12 |     2 |     2 |    45 ||   143
       Rod               |       |       |       |       |       |       |       |       |     4 ||     4
  Use: Potion            |       |     3 |     4 |     8 |     6 |    11 |    10 |     3 |    18 ||    63
       Scroll            |       |    13 |     6 |    11 |     8 |    24 |    11 |     4 |    67 ||   144
